 Dungeon Crawl Stone Soup version 0.21-a0-442-g848f44b (console) character file.

32 hexaflexagon the Caller (level 3, 0/19 HPs)
             Began as a Tengu Summoner on Nov 12, 2017.
             Slain by a jackal (2 damage)
             ... on level 2 of the Dungeon.
             The game lasted 00:03:00 (1597 turns).

hexaflexagon the Caller (Tengu Summoner)            Turns: 1597, Time: 00:03:01

Health: 0/19       AC:  2    Str:  9    XL:     3   Next: 27%
Magic:  4/7        EV: 12    Int: 15    God:
Gold:   124        SH:  0    Dex: 14    Spells: 6/7 levels left

rFire    . . .     SeeInvis .   k - +0 hand axe
rCold    . . .     Gourm    .   (no shield)
rNeg     . . .     Faith    .   a - +0 robe
rPois    .         Spirit   .   (helmet restricted)
rElec    .         Reflect  .   (no cloak)
rCorr    .         Harm     .   (no gloves)
MR       .....                  (boots unavailable)
Stlth    ++........             (no amulet)
HPRegen  0.06/turn              (no ring)
MPRegen  0.10/turn              (no ring)

@: no status effects
A: beak, talons 3
a: no special abilities


You were on level 2 of the Dungeon.
You were hungry.

You visited 1 branch of the dungeon, and saw 2 of its levels.

You collected 124 gold pieces.

Inventory:

Hand Weapons
 k - a +0 hand axe (weapon)
Missiles
 g - 24 arrows
 h - 40 stones (quivered)
Armour
 a - a +0 robe (worn)
Scrolls
 d - 2 scrolls of identify {unknown}
 e - a scroll of enchant weapon {unknown}
 l - a scroll of teleportation {unknown}
 n - 3 scrolls of amnesia {unknown}
 o - a scroll of fog {unknown}
Potions
 i - a potion of degeneration {unknown}
 j - a potion of resistance {unknown}
Books
 b - a book of Callings

   Spells                             Type                      Level
   a - Summon Small Mammal            Summoning                    1
   b - Call Imp                       Summoning                    2
   c - Call Canine Familiar           Summoning                    3
   d - Summon Guardian Golem          Hexes/Summoning              3
   e - Summon Lightning Spire         Summoning/Air                4
   f - Summon Ice Beast               Ice/Summoning                4
Comestibles
 c - 2 bread rations
 f - 2 chunks of flesh
 m - a royal jelly


   Skills:
 - Level 2.1 Dodging
 - Level 2.0 Stealth
 + Level 2.5 Spellcasting
 * Level 5.7 Summonings


You had 6 spell levels left.
You knew the following spells:

 Your Spells              Type           Power        Failure   Level  Hunger
a - Summon Small Mammal   Summ           ###.         1%          1    #......


Dungeon Overview and Level Annotations

Branches:
Dungeon (2/15)

Altars:


Innate Abilities, Weirdness & Mutations

You have a beak for a mouth.
You have claws for feet.


Message History

Confirm with . or Enter, or press ? or * to list all spells.
The jackal bites you.
* * * LOW HITPOINT WARNING * * *
Your quokka barely misses the jackal.
You swap places.
The leopard gecko bites your rat.
Your rat dies!
Your rat's corpse disappears in a puff of smoke!
The jackal bites your quokka. The jackal misses your quokka.
Your quokka bites the leopard gecko.
The jackal bites you but does no damage.
Your quokka bites the jackal.
The leopard gecko barely misses your quokka.
You closely miss the jackal. Your kick misses the jackal.
The jackal bites your quokka.
Your quokka barely misses the leopard gecko.
The jackal misses you. The leopard gecko bites your quokka.
Your quokka bites the jackal.
The jackal dies!
Your quokka misses the leopard gecko. The jackal bites you.
You die...

#.#.#.#..##..#.#####.#####.
.............#.............
.#.#.#(#..#...######.#.#####
..........#.............###.
.#.#.#.#.............#.#....
............................
.................#####.####
#.#.....l#####.^.# #.#
#...†r.h@......# #
#.#.r#########.# #
#.............
#r...#####...# # #.........
#.# #......... # #.....#.#.
#......... ......#.#.


You could see a leopard gecko, a jackal and 2 friendly quokkas.

Vanquished Creatures
  2 dart slugs (D:1)
  2 bats
  4 hobgoblins
  A ball python (D:1)
  3 frilled lizards
  A rat (D:1)
13 creatures vanquished.

Vanquished Creatures (collateral kills)
  A worm (D:2)
  2 dart slugs
  3 bats
  A giant cockroach (D:2)
  4 goblins (D:1)
  2 hobgoblins
  A jackal (D:2)
  A kobold (D:2)
  2 frilled lizards (D:2)
  A rat (D:2)
18 creatures vanquished.

Grand Total: 31 creatures vanquished

Notes
Turn   | Place    | Note
-------+----------+-------------------------------------------
     0 | D:1      | hexaflexagon the Tengu Summoner began the quest for the Orb.
     0 | D:1      | Reached XP level 1. HP: 10/10 MP: 4/4
   174 | D:1      | Reached skill level 5 in Summonings
   203 | D:1      | Reached XP level 2. HP: 12/15 MP: 6/6
  1254 | D:2      | Reached XP level 3. HP: 15/19 MP: 7/7
  1597 | D:2      | Slain by a jackal

Vault maps used:
D:1:      lemuel_arrival_broad_hall
D:2:      serial_co_window_serial, co_window_corner_a, co_window_corner_a,
          co_window_of_opportunity_a, co_window_cross_1, co_window_paths_b,
          co_window_paths_a, co_window_corner_a, co_window_paths_b,
          co_window_cross_1, co_window_broadway_a, co_window_unsneaky_path_d,
          co_window_broadway_c, co_window_paths_c, co_window_4corner_b,
          glass_columns_c, glass_columns_c, glass_columns_b, glass_columns_b,
          first_bread, minmay_joined_circles, uniq_natasha

Skill      XL: |  1 |
---------------+----+-----
Summonings     | 5 |  5.7
Dodging        | |  2.1
Stealth        | |  2.0
Spellcasting   | |  2.5

Action                   || total
-------------------------++-------
Melee: Unarmed           ||    15
       Kick              ||    12
       Peck              ||     8
       Hand axe          ||    29
 Cast: Summon Small Mamm ||    35
 Stab: Sleeping          ||     1
  Eat: Chunk             ||     2
Armor: Robe              ||    17
Dodge: Dodged            ||    42

Table legend:
 A = Spawn XP
 B = Non-spawn XP
 C = Spawn XP percentage of total XP
 D = Spawn monster count
 E = Non-spawn monster count
 F = Spawn count percentage of total count
 G = Total turns spent on level
                    A         B        C        D         E        F      G
               +---------+---------+-------+---------+---------+-------+---------
         Total |       0 |      47 |   0.0 |       0 |      31 |   0.0 |  1597
               +---------+---------+-------+---------+---------+-------+---------
           D:1 |       0 |      25 |   0.0 |       0 |      16 |   0.0 |  1209
           D:2 |       0 |      22 |   0.0 |       0 |      15 |   0.0 |   388
               +---------+---------+-------+---------+---------+-------+---------
